 Dungeon Crawl Stone Soup version 0.14-a0-1974-gdb6e453 (webtiles) character file.

13 4tharraofdagon the Vexing (level 1, -1/9 HPs)
             Began as a Spriggan Enchanter on Jan 18, 2014.
             Killed from afar by an orc wizard (4 damage)
             ... with a magic dart
             ... on Level 7 of the Dungeon.
             The game lasted 00:01:43 (227 turns).

4tharraofdagon the Vexing (Spriggan Enchanter)       Turns: 227, Time: 00:01:43

HP  -1/9         AC  3     Str  4      XL: 1   Next: 91%
MP   4/4         EV 18     Int 16      God:
Gold 6           SH  0     Dex 16      Spells:  1 memorised,  4 levels left

rFire  . . .     SeeInvis +     a - +1 dagger
rCold  . . .     Clarity  .     b - +1 robe
rNeg   + . .     Conserve .     (shield restricted)
rPois  .         rCorr    .     (helmet restricted)
rElec  .         rRot     .     (no cloak)
SustAb . .       Spirit   .     (gloves unavailable)
rMut   .         Warding  .     (boots unavailable)
Saprov . . .     Stasis   .     (no amulet)
MR     .....                    (no ring)
                                f - ring of positive energy {unknown}

@: very quick, not resistant to hostile enchantments, stealthy
A: unfitting armour, see invisible, herbivore 3, speed 3, slow metabolism 2
a: no special abilities


You were on level 7 of the Dungeon.
You were full.

You visited 1 branch of the dungeon, and saw 7 of its levels.

You collected 6 gold pieces.

Inventory:

Hand weapons
 a - a +1,+1 dagger (weapon)
Missiles
 d - 12 darts (quivered)
 h - 5 needles of sleeping
Armour
 b - a +1 robe (worn)
Scrolls
 i - a scroll of amnesia {unknown}
 j - 2 scrolls of identify {unknown}
 k - a scroll of enchant weapon III {unknown}
 l - a scroll of remove curse {unknown}
Jewellery
 f - a ring of positive energy (left hand) {unknown}
Potions
 e - a potion of porridge
 g - a potion of heal wounds
Books
 c - a book of Maledictions

   Spells                             Type                      Level
   *Corona                            Hexes                        1
   Sure Blade                         Hexes/Charms                 2
   Ensorcelled Hibernation            Hexes/Ice                    2
   Confuse                            Hexes                        3
   Enslavement                        Hexes                        4
   Invisibility                       Hexes                        6


   Skills:
 * Level 1.5 Short Blades
 - Level 1.1 Throwing
 + Level 3.1 Dodging
 * Level 3.2 Stealth
 + Level 2.8 Spellcasting
 + Level 3.7 Hexes


You had 4 spell levels left.
You knew the following spells:

 Your Spells              Type           Power        Failure   Level  Hunger
a - Corona                Hex            ##.....      6%          1    #......


Dungeon Overview and Level Annotations

Branches:
Dungeon (7/16)
 Temple: D:4-7

Altars:


Innate Abilities, Weirdness & Mutations

You are tiny and cannot use many weapons and most armour.
You have supernaturally acute eyesight.
You are a herbivore.
You cover ground extremely quickly.
You need consume almost no food.


Message History

A killer bee comes into view.
The killer bee buzzes angrily.
The killer bee stings you but does no damage.
A killer bee comes into view.
Really walk into that teleport trap?
You enter a teleport trap!
Your surroundings suddenly seem different. 2 orcs, 2 orc wizards and a hungry ghost come into view.
The orc shouts!
Found a scroll labeled UTOFECR TOSYRUER.
Unknown command.
The orc shouts!
The hungry ghost barely misses you.
The orc wizard shouts!
The orc wizard casts a spell at you. The magic dart hits you!
Ouch! That really hurt!
The orc wizard points at you and mumbles some strange words.
The magic dart hits you!
You die...

### #### #.##...## .
#......... ...
#.........
....#####.........
....................
........@.p.........
....................
...?..............
##.........o..o...
#........o.......
#.......o.......
..............
.............
##.........


You could see a hungry ghost, 2 orc wizards and 2 orcs.

Vanquished Creatures
  An ooze (D:6)
  A ball python (D:2)
  2 giant cockroaches (D:2)
  A giant newt (D:2)
  2 rats
7 creatures vanquished.

Notes
Turn   | Place    | Note
--------------------------------------------------------------
     0 | D:1      | 4tharraofdagon, the Spriggan Enchanter, began the quest for the Orb.
     0 | D:1      | Reached XP level 1. HP: 9/9 MP: 4/4
    94 | D:3      | Noticed an orc priest
   104 | D:5      | Entered Level 5 of the Dungeon
   104 | D:5      | Noticed a crimson imp
   104 | D:5      | Noticed an orc wizard
   123 | D:6      | Noticed a centaur
   133 | D:6      | Noticed a hippogriff zombie
   140 | D:6      | Noticed a giant frog
   144 | D:6      | Noticed a crimson imp
   157 | D:7      | Noticed a wight
   157 | D:7      | Noticed a wight
   157 | D:7      | Noticed a phantom
   186 | D:7      | Noticed a wight
   188 | D:7      | Noticed a wight
   188 | D:7      | Noticed a wight
   199 | D:7      | Noticed an orc priest
   214 | D:7      | Noticed a killer bee
   216 | D:7      | Noticed a killer bee
   216 | D:7      | Noticed a killer bee
   216 | D:7      | Noticed a killer bee
   216 | D:7      | Noticed an ogre
   220 | D:7      | Noticed a killer bee
   222 | D:7      | Noticed a killer bee
   224 | D:7      | Noticed an orc wizard
   224 | D:7      | Noticed an orc wizard
   224 | D:7      | Noticed a hungry ghost
   227 | D:7      | Killed from afar by an orc wizard

Action                   || total
-------------------------++-------
Melee: Dagger            ||    10
  Use: Potion            ||     1
 Stab: Sleeping          ||     5
